 Dungeon Crawl Stone Soup version 0.23-a0-326-gb49dddc804 (webtiles) character file.

212 SnubMonkey the Vexing (level 5, -8/35 HPs)
             Began as a Vampire Enchanter on Oct 16, 2018.
             Killed by divine providence
             ... invoked by an orc priest
              (9 damage)
             ... on level 3 of the Dungeon.
             The game lasted 00:12:00 (4010 turns).

SnubMonkey the Vexing (Vampire Enchanter)           Turns: 4010, Time: 00:12:00

Health: -8/35      AC:  3    Str: 10    XL:     5   Next: 58%
Magic:  1/9        EV: 12    Int: 19    God:
Gold:   150        SH:  0    Dex: 14    Spells: 1/10 levels left

rFire    . . .     SeeInvis +   a - +2 dagger
rCold    + . .     Gourm    .   (no shield)
rNeg     + + +     Faith    .   b - +0 robe
rPois    +         Spirit   .   (no helmet)
rElec    .         Reflect  .   r - -1 cloak (curse)
rCorr    .         Harm     .   (no gloves)
MR       .....                  i - +0 pair of boots
Stlth    ++++......             (no amulet)
HPRegen  0.05/turn              p - ring of positive energy
MPRegen  0.11/turn              e - +3 ring of strength

@: regenerating slowly
A: fangs 3, see invisible, unbreathing
a: Bat Form


You were on level 3 of the Dungeon.
You were thirsty.

You visited 1 branch of the dungeon, and saw 3 of its levels.

You collected 150 gold pieces.

Inventory:

Hand Weapons
 a - a +2 dagger (weapon)
 k - a +0 whip of pain
 m - a +1 hunting sling of flaming
Missiles
 f - 12 poisoned needles
 n - 2 throwing nets (quivered)
Armour
 b - a +0 robe (worn)
 h - a +0 cloak
 i - a +0 pair of boots (worn)
 r - a cursed -1 cloak (worn)
 s - a +0 leather armour
Jewellery
 e - a +3 ring of strength (right hand)
 p - a ring of positive energy (left hand)
Wands
 l - a wand of flame (31)
 v - a wand of acid (7)
Scrolls
 g - 3 scrolls of enchant weapon
 j - 2 scrolls of teleportation
 o - a scroll of fog
 t - a scroll of random uselessness {unknown}
 w - a scroll of immolation {unknown}
Potions
 c - a potion of degeneration {unknown}
 d - a potion of mutation
 q - 7 potions of blood
 u - 2 potions of curing {unknown}


   Skills:
 + Level 2.8 Short Blades
 - Level 2.1 Dodging
 + Level 5.9 Stealth
 + Level 3.0 Spellcasting
 * Level 6.7 Hexes


You had one spell level left.
You knew the following spells:

 Your Spells              Type           Power        Failure   Level  Hunger
a - Corona                Hex            ####...      1%          1    None
b - Ensorcelled Hibernat  Hex/Ice        ###...       6%          2    ##.....
c - Confuse               Hex            ####....     3%          3    ###....
d - Tukima's Dance        Hex            ####....     3%          3    ###....

Your spell library contained the following spells:

 Spells                   Type           Power        Failure   Level  Hunger
 Dazzling Spray           Conj/Hex       ###...       12%         3    ###....


Dungeon Overview and Level Annotations

Branches:
Dungeon (3/15)

Altars:


Innate Abilities, Weirdness & Mutations

You heal slowly.
You have razor-sharp teeth.
You have supernaturally acute eyesight. (SInv)
You can survive without breathing.


Message History

Press: ? - help, Shift-Dir - straight line, f/p - ogre
Aim: an ogre, wielding a +0 giant spiked club (chance to defeat MR: 46%)
The ogre looks drowsy...
The orc priest shouts!
* * * LOW MAGIC WARNING * * *
The helpless ogre fails to defend itself.
You bite the ogre, and draw its blood!
You feel slightly less thirsty.
You impale the ogre!!
The ogre is almost dead.
The ogre barely misses you. The orc hits you but does no damage.
One of your 8 potions of blood rots away.
You hit the ogre.
The ogre is almost dead.
The gnoll closely misses you. The orc hits you with a cursed -2 club.
The ogre hits you with a +0 giant spiked club!!
Ouch! That really hurt!
* * * LOW HITPOINT WARNING * * *
The orc priest mumbles some strange prayers to Beogh against you.
Beogh smites you!
You die...

..................#
.......(..........########
....((...................
............<.<........# .
.....##.#..............# .#
##..###..##.....gg.....##.# ...
###.# ##..###..>..o.......#.... #
#.# #.......#..O.......#...#
###.####....##.#@.....o.....[#
#...........#..#.##...o#.....##
#...........#.##.###..........###
#................................
#............................##..
#..........#.....................
.............................###.
#..#..###............#.......###.
##.##.##..##........[#.......o#..


You could see an ogre, an orc priest, 2 gnolls and 2 orcs.

Vanquished Creatures
  A bullfrog skeleton (D:2)
  Crazy Yiuf (D:2)
  An orc wizard (D:3)
  A gnoll (D:2)
  7 adders
  An ooze (D:2)
  2 worms (D:2)
  2 dart slugs (D:1)
  A leopard gecko (D:2)
  6 bats
  3 giant cockroaches
  4 goblins
  2 hobgoblins
  2 jackals (D:2)
  7 kobolds
  2 frilled lizards (D:1)
  6 rats
49 creatures vanquished.

Notes
Turn   | Place    | Note
-------+----------+-------------------------------------------
     0 | D:1      | SnubMonkey the Vampire Enchanter began the quest for the
                  | Orb.
     0 | D:1      | Reached XP level 1. HP: 13/13 MP: 3/3
   338 | D:1      | Reached XP level 2. HP: 19/19 MP: 5/5
   342 | D:1      | Learned a level 2 spell: Ensorcelled Hibernation
   778 | D:1      | Reached skill level 5 in Hexes
  1417 | D:2      | Reached XP level 3. HP: 24/24 MP: 3/6
  1661 | D:2      | Reached skill level 5 in Stealth
  1764 | D:2      | Found a runed door.
  1768 | D:2      | Noticed Crazy Yiuf
  1772 | D:2      | Killed Crazy Yiuf
  1772 | D:2      | Reached XP level 4. HP: 30/30 MP: 7/7
  1922 | D:2      | Reached skill level 6 in Hexes
  2400 | D:1      | Learned a level 3 spell: Confuse
  2616 | D:3      | Noticed an ogre
  2632 | D:2      | Reached XP level 5. HP: 3/35 MP: 2/9
  3963 | D:3      | Learned a level 3 spell: Tukima's Dance
  4009 | D:3      | HP: 1/35 [ogre/+0 giant spiked club (31)]
  4010 | D:3      | Killed from afar by an orc priest

Vault maps used:
D:1:      dpeg_arrival_round_c, serial_forest, infiniplex_forest_lined_2,
          infiniplex_forest_clump_curved, infiniplex_forest_corner_1,
          infiniplex_forest_straight_2
D:2:      minmay_item_behind_shaft, uniq_crazy_yiuf_cottage
D:3:      regret_index_temple_of_mockery, first_ration, minivault_27

Skill      XL: |  1  2  3  4  5 |
---------------+----------------+-----
Hexes          | 5 6 |  6.7
Short Blades   | 2 |  2.8
Stealth        | 5 |  5.9
Spellcasting   | 3 |  3.0
Dodging        | |  2.1

Action                   |  1- 3 |  4- 6 || total
-------------------------+-------+-------++-------
Melee: Dagger            |    93 |    54 ||   147
       Bite              |     6 |     5 ||    11
 Cast: Ensorcelled Hiber |    15 |    18 ||    33
       Confuse           |       |     4 ||     4
 Abil: End Transformatio |       |     2 ||     2
       Bat Form          |       |     2 ||     2
  Use: Potion            |     3 |     5 ||     8
       Scroll            |       |     6 ||     6
 Stab: Sleeping          |    14 |    13 ||    27
       Confused          |       |     1 ||     1
Armor: Robe              |    16 |    11 ||    27
Dodge: Dodged            |    50 |    33 ||    83

Table legend:
 A = Non-vault XP
 B = Vault XP
 C = Vault XP percentage of total XP
 D = Non-vault monster count
 E = Vault monster count
 F = Vault count percentage of total count
                 A         B        C        D         E       F
            +---------+---------+-------+---------+---------+-------
      Total |     264 |      40 |  13.2 |      48 |       1 |   2.0
            +---------+---------+-------+---------+---------+-------
        D:1 |      36 |       0 |   0.0 |      20 |       0 |   0.0
        D:2 |     131 |      40 |  23.4 |      20 |       1 |   4.8
        D:3 |      97 |       0 |   0.0 |       8 |       0 |   0.0
            +---------+---------+-------+---------+---------+-------
